 Dungeon Crawl Stone Soup version 0.30-a0-857-gcaf70739d4 (webtiles) character file.

Game seed: 255370292822644799

128 KleinerIrrer the Vexing (level 5, -2/36 HPs)
             Began as a Formicid Hexslinger on Mar 5, 2023.
             Slain by an orc
             ... wielding a +0 flail
              (9 damage)
             ... on level 3 of the Dungeon.
             The game lasted 00:03:58 (1680 turns).

KleinerIrrer the Vexing (Formicid Hexslinger)       Turns: 1680, Time: 00:03:59

Health: -2/36      AC:  5    Str: 12 (13) XL:     5   Next: 33%
Magic:  6/6        EV: 10    Int: 16 (17) God:
Gold:   170        SH:  0    Dex: 12 (15) Spells: 5/6 levels left

rFire   . . .      SeeInvis +    a - +1 sling
rCold   . . .      Faith    .    (no shield)
rNeg    . . .      Spirit   .    h - +0 ring mail
rPois   .          Reflect  .    (helmet unavailable)
rElec   .          Rampage  .    (no cloak)
rCorr   .                        (no gloves)
Will    .....                    (no boots) Stlth
                                 (no amulet)
HPRegen 0.26/turn                (no ring)
MPRegen 0.10/turn                (no ring)

@: confused, mighty, flying
A: permanent stasis, dig shafts and tunnels, antennae 3, four strong arms,
clever 1, frail 1
a: Dig, Shaft Self


You were on level 3 of the Dungeon.
You visited 1 branch of the dungeon, and saw 3 of its levels.

You collected 170 gold pieces.

Inventory:

Hand Weapons
 a - a +1 sling (weapon)
Missiles
 m - a throwing net
Armour
 c - a +0 robe
 h - a +0 ring mail (worn)
Jewellery
 n - a +6 ring of intelligence
Scrolls
 b - a scroll of poison
 d - 2 scrolls of teleportation {unknown}
 e - 2 scrolls of blinking {unknown}
 g - a scroll of fear {unknown}
 i - 2 scrolls of identify {unknown}
 j - a scroll of noise {unknown}
 k - a scroll of magic mapping {unknown}
 l - 3 scrolls of silence {unknown}
 o - 2 scrolls of enchant armour {unknown}
Potions
 f - 3 potions of degeneration


   Skills:
 + Level 3.3 Fighting
 * Level 3.5 Ranged Weapons
 - Level 2.1 Armour
 - Level 1.7 Dodging
 - Level 1.1 Spellcasting
 - Level 3.6 Hexes


You had 5 spell levels left.
You knew the following spells:

 Your Spells              Type           Power      Damage    Failure   Level
a - Slow                  Hex            48%        N/A       12%         1

Your spell library contained the following spells:

 Spells                   Type           Power      Damage    Failure   Level
 Inner Flame              Hex/Fire       6%         N/A       56%         3
 Portal Projectile        Hex/Tloc       12%        N/A       56%         3
 Cause Fear               Hex            6%         N/A       75%         4


Dungeon Overview and Level Annotations

Branches:
Dungeon (3/15)

Altars:
Fedhas


Innate Abilities, Weirdness & Mutations

You cannot be hasted, slowed, berserked, paralysed or teleported.
You can dig through walls and to a lower floor.
You have a pair of large antennae on your head. (SInv)
Your four strong arms can wield two-handed weapons with a shield.
Your mind is acute. (Int +4, Str/Dex -1)
You are frail. (-10% HP)


Message History

The orc throws a boomerang of dispersal.
The boomerang of dispersal hits you.
You feel a strange sense of stasis. The orc barely misses you.
The orc wizard hits you but does no damage.
You clumsily bash the orc wizard but do no damage.
The orc wizard is lightly wounded.
The orc wizard hits you with a +0 dagger.
The orc hits you with a +0 flail.
You bump into the rock wall.
The orc hits you with a +0 flail!
The orc wizard hits you but does no damage.
You barely miss the orc wizard.
The orc wizard is lightly wounded.
The orc wizard closely misses you. The orc barely misses you.
The orc hits you but does no damage.
The orc wizard hits you with a +0 dagger.
It was a potion of might.
You feel very mighty all of a sudden.
The orc wizard hits you but does no damage.
The orc barely misses you.
Okay, then.
Unknown command.
It was a potion of flight.
You feel very buoyant.
You fly up into the air.
The orc hits you with a +0 flail.
The orc wizard points at you and mumbles some strange words.
You are more confused.
You barely miss the orc wizard.
The orc wizard is lightly wounded.
The orc wizard hits you with a +0 dagger.
The orc closely misses you.
The orc wizard hits you but does no damage.
You clumsily bash the orc wizard.
The orc wizard is heavily wounded.
The orc closely misses you.
The orc wizard hits you with a +0 dagger.
* * * LOW HITPOINT WARNING * * *
The orc wizard hits you with a +0 dagger.
* * * LOW HITPOINT WARNING * * *
The orc hits you with a +0 flail!
You die...

.#.....#........#
.#######.#.####.#
.........#.# #.#
#..####....# #.#
#.. ###### #.#
#.. #.# #.#
######o###
......)o@.#
.##########


You could see an orc wizard (invisible) and an orc.

Vanquished Creatures
  4 gnolls (D:2)
  3 adders
  4 orcs (D:3)
  3 ball pythons
  6 bats
  5 endoplasms
  4 giant cockroaches
  9 goblins
  5 hobgoblins
  3 quokkas
  6 kobolds
  2 rats
54 creatures vanquished.

Vanquished Creatures (others)
  4 fungi (D:2)
4 creatures vanquished.

Grand Total: 58 creatures vanquished

Notes
Turn   | Place    | Note
-------+----------+-------------------------------------------
     0 | D:1      | KleinerIrrer the Formicid Hexslinger began the quest for
                  | the Orb.
     0 | D:1      | Reached XP level 1. HP: 15/15 MP: 2/2
    68 | D:1      | Reached XP level 2. HP: 7/21 MP: 1/3
   224 | D:1      | Found a faded altar of an unknown god.
   329 | D:1      | Reached XP level 3. HP: 22/27 MP: 4/4
   891 | D:2      | Reached skill level 1 in Armour
   969 | D:2      | Reached XP level 4. HP: 33/34 MP: 5/5
   985 | D:2      | Gained mutation: You are frail. (-10% HP) [potion of
                  | mutation]
   985 | D:2      | Gained mutation: Your mind is acute. (Int +4, Str/Dex -1)
                  | [potion of mutation]
  1408 | D:3      | Reached XP level 5. HP: 24/36 MP: 6/6
  1548 | D:3      | Found a blossoming altar of Fedhas.
  1680 | D:3      | Slain by an orc

Illustrated notes

Levels and vault maps discovered:
D:1:      mrwooster_arrival_statue_2, layout_rooms,
          shapermc_ecumenical_altar_starsandcircs, minmay_tall_x
D:2:      layout_basic, dreamdust_mushroom_princess
D:3:      minmay_recursive_quarters, layout_basic, mainiacjoe_overflow_brackets,
          amcnicky_altar_gilded, mainiacjoe_overflow_alcove_1, serial_shops,
          shop

Skill      XL: |  1  2  3  4 |
---------------+-------------+-----
Fighting       | 2 3 |  3.3
Armour         | 1 2 |  2.1
Ranged Weapons | 3 |  3.5
Dodging        | |  1.7
Spellcasting   | |  1.1
Hexes          | |  3.6

Action                     |  1- 3 |  4- 6 || total
---------------------------+-------+-------++-------
  Melee: Sling             |       |     4 ||     4
   Fire: Sling             |   104 |   101 ||   205
   Cast: Slow              |     1 |     1 ||     2
    Use: Potion            |       |     5 ||     5
 Armour: Robe              |    10 |       ||    10
         Ring mail         |    12 |    30 ||    42
  Dodge: Dodged            |    50 |    54 ||   104

Table legend: (Time is in decaauts)
 A = Elapsed time spent in this place.
 B = Non-inter-level travel time spent in this place.
 C = Inter-level travel time spent in this place.
 D = Time resting spent in this place.
 E = Time spent auto-exploring this place.
 F = Levels seen in this place.
 G = Mean time per level.
                   A        B        C        D        E       F      G
               +--------+--------+--------+--------+--------+-----+--------+
         Total |   1753 |   1672 |     81 |    242 |    969 |   3 |  584.3 |
       Dungeon |   1753 |   1672 |     81 |    242 |    969 |   3 |  584.3 |
               +--------+--------+--------+--------+--------+-----+--------+

Top non-repeatable levels by time:
     D:2: 723 daAuts
     D:1: 690 daAuts
     D:3: 340 daAuts
